 Dungeon Crawl Stone Soup version 0.26.0-45-g9c1d065592 (webtiles) character file.

Game seed: 10035466840431038560

44 Descartes the Magician (level 3, 0/19 HPs)
             Began as a Deep Elf Wanderer on Jan 27, 2021.
             Slain by a worm (8 damage)
             ... on level 1 of the Dungeon.
             The game lasted 00:06:17 (1907 turns).

Descartes the Magician (Deep Elf Wanderer)          Turns: 1907, Time: 00:06:17

Health: 0/19       AC:  3    Str: 11    XL:     3   Next: 39%
Magic:  0/11       EV: 11    Int: 17    God:
Gold:   49         SH:  0    Dex: 12    Spells: 9/11 levels left

rFire    . . .     SeeInvis .   a - +0 dagger
rCold    . . .     Faith    .   (no shield)
rNeg     . . .     Spirit   .   o - +0 leather armour
rPois    .         Reflect  .   (no helmet)
rElec    .         Harm     .   (no cloak)
rCorr    .         Rampage  .   (no gloves)
Will     .....                  (no boots)
Stlth    ++........             (no amulet)
HPRegen  0.06/turn              (no ring)
MPRegen  0.12/turn              (no ring)

@: no status effects
A: no striking features
a: no special abilities


You were on level 1 of the Dungeon.
You visited 1 branch of the dungeon, and saw 2 of its levels.

You collected 49 gold pieces.

Inventory:

Hand Weapons
 a - a +0 dagger (weapon)
Missiles
 k - 4 stones (quivered)
 l - 27 bolts
Armour
 o - a +0 leather armour (worn)
Scrolls
 b - 2 scrolls of remove curse {unknown}
 e - 2 scrolls of teleportation {unknown}
 f - a scroll of enchant weapon {unknown}
 h - a scroll of noise {unknown}
 i - 2 scrolls of fear {unknown}
 m - a scroll of identify {unknown}
 n - a scroll of amnesia {unknown}
Potions
 c - a potion of lignification
 g - a potion of magic {unknown}
 j - a potion of haste {unknown}


   Skills:
 + Level 1.1 Dodging
 + Level 2.3 Stealth
 - Level 1.0 Shields
 + Level 4.8 Spellcasting
 * Level 1.7 Conjurations
 - Level 1.1 Summonings
 - Level 2.0 Air Magic
 + Level 2.5 Poison Magic


You had 9 spell levels left.
You knew the following spells:

 Your Spells              Type           Power        Failure   Level
a - Magic Dart            Conj           36%          10%         1
b - Sting                 Tmut/Pois      32%          12%         1

Your spell library contained the following spells:

 Spells                   Type           Power        Failure   Level
 Call Imp                 Summ           7%           19%         2
 Mephitic Cloud           Conj/Pois/Air  11%          24%         3
 Blink                    Tloc           N/A          28%         2
 Slow                     Hex            4%           28%         2
 Spider Form              Tmut/Pois      4%           34%         3
 Conjure Flame            Conj/Fire      7%           38%         3


Dungeon Overview and Level Annotations

Branches:
Dungeon (2/15)

Altars:


Message History

You climb upwards.
There is a stone staircase leading down here.
Casting: Magic Dart (safe; 10% risk of failure)
Confirm with . or Enter, or press ? or * to list all spells.
You don't have enough magic to cast that spell.
Unknown command.
Casting: Magic Dart (safe; 10% risk of failure)
Confirm with . or Enter, or press ? or * to list all spells.
Aiming: Magic Dart (safe; 10% risk of failure)
Press: ? - help, Shift-Dir - straight line, f - worm
Aim: a worm (heavily wounded, 0% to evade)
The magic dart hits the worm.
The worm is heavily wounded.
The worm barely misses you.
You hit the worm.
The worm is severely wounded.
You hit the worm.
The worm is severely wounded.
The worm bites you!
You die...

#...# #.# #.#
#...###.# #.#
###..##.# #.#
##[##.# #.#
#.##.#
####.########
#.##.#
#............
########.##.#
#..†...#####.
#.....##..#.#
#..........#.
#.....'....@#
#######.##.#.
#.....###..w##
#.##.#.
#####.# ##...#
#.##.#. #.#
##...# #......
#.# #..>.#
#..#.##
##########†#
###'## #).#..#
.....).....#
#.# #.....#
############
#.# #.#####
#.# #.#


You could see a worm.

Vanquished Creatures
  An adder (D:2)
  An ooze (D:1)
  A dart slug (D:2)
  A leopard gecko (D:1)
  4 bats
  2 giant cockroaches
  2 hobgoblins (D:1)
  5 kobolds (D:1)
  3 frilled lizards
  4 goblins
  4 rats (D:1)
28 creatures vanquished.

Vanquished Creatures (others)
  3 fungi (D:2)
  4 toadstools (D:2)
7 creatures vanquished.

Grand Total: 35 creatures vanquished

Notes
Turn   | Place    | Note
-------+----------+-------------------------------------------
     0 | D:1      | Descartes the Deep Elf Wanderer began the quest for the
                  | Orb.
     0 | D:1      | Descartes set off with the following items: a +0 dagger, a
                  | potion of lignification, a +0 robe; and the following
                  | spells available to memorise: Sting, Magic Dart, Call Imp,
                  | Blink, Slow, Mephitic Cloud, Spider Form, Conjure Flame
     0 | D:1      | Reached XP level 1. HP: 10/10 MP: 7/7
     2 | D:1      | Learned a level 1 spell: Sting
     4 | D:1      | Learned a level 1 spell: Magic Dart
   137 | D:1      | Reached skill level 1 in Conjurations
   137 | D:1      | Reached XP level 2. HP: 6/15 MP: 1/9
  1252 | D:1      | Reached skill level 1 in Dodging
  1483 | D:2      | Reached XP level 3. HP: 18/19 MP: 6/11
  1907 | D:1      | Slain by a worm

Illustrated notes

Levels and vault maps discovered:
D:1:      tarquinn_simple_flora_water_b, layout_basic
D:2:      layout_basic, minmay_gold_behind_fungi

Skill      XL: |  1  2 |
---------------+-------+-----
Conjurations   | 1 |  1.7
Stealth        | 2 |  2.3
Dodging        | 1 |  1.1
Shields        | |  1.0
Spellcasting   | |  4.8
Summonings     | |  1.1
Air Magic      | |  2.0
Poison Magic   | |  2.5

Action                   || total
-------------------------++-------
Melee: Dagger            ||     3
 Cast: Magic Dart        ||    87
       Sting             ||    15
Armor: Robe              ||     4
Dodge: Dodged            ||    10
